 Dungeon Crawl Stone Soup version 0.24.0-37-gcf1ca852f1 (webtiles) character file.

Game seed: 1721926791621147136, levelgen mode: deterministic

46 FishyPogo the Carver (level 3, -1/28 HPs)
             Began as a Gnoll Wanderer on Nov 21, 2019.
             Slain by a goblin (2 damage)
             ... led by Robin
             ... on level 1 of the Dungeon.
             The game lasted 00:04:34 (973 turns).

FishyPogo the Carver (Gnoll Wanderer)                Turns: 973, Time: 00:04:34

Health: -1/28      AC:  2    Str: 14    XL:     3   Next: 66%
Magic:  7/9        EV: 12    Int: 12    God:
Gold:   44         SH:  0    Dex: 17    Spells: 8/12 levels left

rFire    . . .     SeeInvis .   a - +2 dagger (vamp)
rCold    . . .     Gourm    .   (no shield)
rNeg     . . .     Faith    .   e - +0 robe
rPois    .         Spirit   .   (no helmet)
rElec    .         Reflect  .   (no cloak)
rCorr    .         Harm     .   (no gloves)
MR       .....                  (no boots)
Stlth    ++........             (no amulet)
HPRegen  0.09/turn              g - ring of wizardry
MPRegen  0.11/turn              (no ring)

@: lethally poisoned (-1 -> -7)
A: distributed training, fangs 1, strong nose
a: no special abilities


You were on level 1 of the Dungeon.
You were hungry.

You visited 1 branch of the dungeon, and saw 2 of its levels.

You collected 44 gold pieces.

Inventory:

Hand Weapons
 a - a +2 vampiric dagger (weapon)
 b - a +1 dagger of venom
Missiles
 d - 20 stones (quivered)
 h - 7 curare-tipped darts
 i - 6 atropa-tipped darts
Armour
 e - a +0 robe (worn)
Jewellery
 g - a ring of wizardry (left hand)
Scrolls
 c - a scroll of identify {unknown}
 j - a scroll of remove curse {unknown}
Potions
 k - a potion of curing {unknown}
Comestibles
 f - 4 rations


   Skills:
 + Level 2.6 Fighting
 + Level 0.9 Short Blades
 + Level 8.5 Long Blades
 + Level 0.9 Axes
 + Level 0.9 Maces & Flails
 + Level 0.9 Polearms
 + Level 0.9 Staves
 + Level 0.9 Slings
 + Level 0.9 Bows
 + Level 0.9 Crossbows
 + Level 2.6 Throwing
 + Level 0.9 Armour
 + Level 0.9 Dodging
 + Level 2.4 Stealth
 + Level 0.9 Shields
 + Level 0.9 Unarmed Combat
 + Level 5.0 Spellcasting
 + Level 0.6 Conjurations
 + Level 0.6 Hexes
 + Level 0.6 Charms
 + Level 0.6 Summonings
 + Level 2.1 Necromancy
 + Level 0.6 Translocations
 + Level 0.6 Transmutations
 + Level 0.6 Fire Magic
 + Level 0.6 Ice Magic
 + Level 0.6 Air Magic
 + Level 0.6 Earth Magic
 + Level 0.6 Poison Magic
 + Level 1.0 Invocations
 + Level 0.9 Evocations


You had 8 spell levels left.
You knew the following spells:

 Your Spells              Type           Power        Failure   Level  Hunger
a - Throw Frost           Conj/Ice       #.....       10%         2    ##.....
l - Ensorcelled Hibernat  Hex/Ice        #.....       10%         2    ##.....

Your spell library contained the following spells:

 Spells                   Type           Power        Failure   Level  Hunger


Dungeon Overview and Level Annotations

Branches:
Dungeon (2/15)

Altars:

Annotations:
D:2 Robin


Innate Abilities, Weirdness & Mutations

Your experience applies equally to all skills.
You have very sharp teeth.
Your uncanny sense of smell can sniff out nearby items.


Message History

Okay, then.
You are feeling hungry.
You hit the water moccasin.
You bite the water moccasin, but do no damage.
The water moccasin is severely wounded.
You feel sick. The water moccasin barely misses you.
The goblin barely misses you.
You closely miss the water moccasin.
The water moccasin is severely wounded.
The water moccasin bites you.
* * * LOW HITPOINT WARNING * * *
The goblin hits you.
* * * LOW HITPOINT WARNING * * *
The water moccasin bites you.
* * * LOW HITPOINT WARNING * * *
You hit the water moccasin.
You feel better.
The water moccasin is severely wounded.
* * * LOW HITPOINT WARNING * * *
You feel sick. The water moccasin misses you. The goblin hits you.
You die...

#######..)##....................
#..........#######..)...[..###..
#####.#.....## #..####.#.###.#
#.##.....## #.......#..##.#
#.###.....## #..##.#.#...... #.#
##.....###..##.#.#....). #.#
##.....##.............. #.#
##....S#########.....# #.#
##..@..).........##.# #.#
##.g.<..........#... #.#
##..8............#... #.##
##.....#########..#... #..#
##.....## #..[... ##.###.....##
####..# #.##.....## ###..#
#.#.....## #..... #......##
#.##.#


You could see a water moccasin and a goblin.

Vanquished Creatures
  An ooze (D:1)
  2 dart slugs (D:1)
  3 leopard geckos (D:1)
  3 bats (D:1)
  6 giant cockroaches (D:1)
  3 goblins (D:1)
  3 hobgoblins (D:1)
  A ball python (D:1)
  A frilled lizard (D:1)
  6 kobolds (D:1)
  3 rats (D:1)
32 creatures vanquished.

Notes
Turn   | Place    | Note
-------+----------+-------------------------------------------
     0 | D:1      | FishyPogo the Gnoll Wanderer began the quest for the Orb.
     0 | D:1      | FishyPogo set off with the following items: a +2 dagger, 3
                  | curare-tipped darts, a +0 short sword, a +0 robe, a ration;
                  | and the following spells available to memorise: Ensorcelled
                  | Hibernation, Throw Frost
     0 | D:1      | Reached XP level 1. HP: 17/17 MP: 6/6
    77 | D:1      | Reached XP level 2. HP: 9/23 MP: 7/7
    86 | D:1      | Learned a level 2 spell: Ensorcelled Hibernation
    90 | D:1      | Learned a level 2 spell: Throw Frost
   285 | D:1      | Reached XP level 3. HP: 15/28 MP: 9/9
   296 | D:1      | Reached skill level 5 in Spellcasting
   626 | D:1      | Reached skill level 1 in Invocations
   962 | D:2      | Noticed Robin
   962 | D:2      | Noticed a water moccasin
   972 | D:1      | HP: 1/28 [water moccasin (3)]
   973 | D:1      | Slain by a goblin

Levels and vault maps discovered:
D:1:      psy_arrival_spokes, layout_basic, minmay_worlds_worst_comb
D:2:      layout_rooms, nicolae_overflow_crystal_walls, lemuel_doored_altar,
          nemelex_xobeh_ov_fountains_minmay, uniq_robin

Skill      XL: |  1  2  3 |
---------------+----------+-----
Necromancy     | 2 |  2.1
Spellcasting   | 5 |  5.0
Invocations    | 1 |  1.0
Fighting       | |  2.6
Short Blades   | |  0.9
Long Blades    | |  8.5
Axes           | |  0.9
Maces & Flails | |  0.9
Polearms       | |  0.9
Staves         | |  0.9
Slings         | |  0.9
Bows           | |  0.9
Crossbows      | |  0.9
Throwing       | |  2.6
Armour         | |  0.9
Dodging        | |  0.9
Stealth        | |  2.4
Shields        | |  0.9
Unarmed Combat | |  0.9
Conjurations   | |  0.6
Hexes          | |  0.6
Charms         | |  0.6
Summonings     | |  0.6
Translocations | |  0.6
Transmutations | |  0.6
Fire Magic     | |  0.6
Ice Magic      | |  0.6
Air Magic      | |  0.6
Earth Magic    | |  0.6
Poison Magic   | |  0.6
Evocations     | |  0.9

Action                   || total
-------------------------++-------
Melee: Dagger            ||   113
       Bite              ||    13
Throw: Stone             ||     9
 Cast: Throw Frost       ||     1
       Ensorcelled Hiber ||     1
 Stab: Sleeping          ||     8
Armor: Robe              ||    28
Dodge: Dodged            ||    83
